 Dungeon Crawl Stone Soup version 0.30.1-5-ged363bc7ee (webtiles) character file.

Game seed: 15967643821547085456

70 monsoonserge the Slasher (level 4, 0/35 HPs)
             Began as a Demonspawn Monk on Sept 19, 2023.
             Slain by Robin
             ... wielding a +4 dagger of venom
              (6 damage)
             ... on level 3 of the Dungeon.
             The game lasted 00:03:29 (1575 turns).

monsoonserge the Slasher (Demonspawn Monk)          Turns: 1575, Time: 00:03:30

Health: 0/35       AC:  5    Str: 12    XL:     4   Next: 4%
Magic:  4/4        EV: 11    Int: 11    God:
Gold:   125        SH:  0    Dex: 17    Spells: 3/3 levels left

rFire   . . .        a - +0 falchion
rCold   . . .        d - orb {light}
rNeg    . . .        j - +0 ring mail
rPois   .            (no helmet)
rElec   .            (no cloak)
rCorr   .            (no gloves)
SInv    .            (no boots)
Will    .....        (no amulet) Stlth
                     (no ring)
HPRegen 0.25/turn    (no ring)
MPRegen 0.09/turn

%: no passive effects
@: confused, lethally poisoned (0 -> -11), ambrosia-drunk, glowing
A: hooves 1, demonic guardian 1
a: no special abilities


You were on level 3 of the Dungeon.
You visited 1 branch of the dungeon, and saw 3 of its levels.

You collected 125 gold pieces.

Inventory:

Hand Weapons
 a - a +0 falchion (weapon)
Armour
 b - a +0 robe
 d - an orb of light (worn)
 j - a +0 ring mail (worn)
 n - a +0 leather armour
Scrolls
 e - 3 scrolls of torment {unknown}
 g - a scroll of amnesia {unknown}
 i - a scroll of fear {unknown}
 k - a scroll of vulnerability {unknown}
 m - 2 scrolls of identify {unknown}
 p - a scroll of enchant weapon {unknown}
Potions
 c - 2 potions of ambrosia
 f - a potion of lignification {unknown}
 h - a potion of heal wounds {unknown}
 l - a potion of magic {unknown}
 o - a potion of attraction {unknown}
 q - a potion of degeneration {unknown}


   Skills:
 + Level 3.4 Fighting
 + Level 3.6 Long Blades
 + Level 0.9 Armour
 + Level 3.1 Dodging


You had 3 spell levels left.
You didn't know any spells.
Your spell library contained the following spells:

 Spells                   Type           Power      Damage    Failure   Level
 Necrotise                Necr           0%         1d4       63%         1
 Vampiric Draining        Necr           0%         2d6       94%         3
 Agony                    Necr           0%         N/A       100%        5


Dungeon Overview and Level Annotations

Branches:
Dungeon (3/15)

Altars:

Shops:
D:1 [

Annotations:
D:3 Robin


Innate Abilities, Weirdness & Mutations

You have large cloven feet.
A weak demonic guardian rushes to your aid.


Message History

Robin is lightly wounded.
You feel sick.
Robin roars a battlecry!
You hear a shout!
You hit Robin. You kick Robin.
Robin is moderately wounded.
You feel sick.
Robin hits you with a +4 dagger of venom.
You hit Robin. You kick Robin.
Robin is heavily wounded.
You feel sick.
Robin hits you with a +4 dagger of venom.
* * * LOW HITPOINT WARNING * * *
Unknown command.
Okay, then.
You hit Robin. Your kick misses Robin.
Robin is heavily wounded.
You feel sick.
Robin hits you with a +4 dagger of venom.
* * * LOW HITPOINT WARNING * * *
You are more poisoned.
Unknown command.
You are confused.
You feel invigorated.
You feel sick. Robin misses you.
A hobgoblin comes into view.
You bump into the rock wall.
You feel sick.
The hobgoblin shouts!
Robin hits you with a +4 dagger of venom!
* * * LOW HITPOINT WARNING * * *
A demonic guardian appears!
You are more poisoned.
You bump into the rock wall.
* * * LOW HITPOINT WARNING * * *
You feel very sick. Robin barely misses you.
You bump into the rock wall.
* * * LOW HITPOINT WARNING * * *
You feel very sick.
Robin hits you with a +4 dagger of venom.
You die...

.. #.# .. #.# ...
#.# .... #.###>..
#.#...#.)
###########........
#.<.....5@gg.......
#.#########g#.##..
#.# #)# ######.#
#.# #......# #..
#>###..# ... ###
#### #... #.#.
#[#.#


You could see Robin (ally target), 2 hobgoblins and a friendly iron imp
(summoned).

Vanquished Creatures
  2 adders (D:2)
  A dart slug (D:1)
  A worm (D:2)
  4 ball pythons
  2 bats
  6 endoplasms
  2 giant cockroaches
  8 goblins
  8 hobgoblins
  2 quokkas (D:1)
  2 frilled lizards (D:1)
  2 kobolds
  A rat (D:2)
41 creatures vanquished.

Notes
Turn   | Place    | Note
-------+----------+-------------------------------------------
     0 | D:1      | monsoonserge the Demonspawn Monk began the quest for the
                  | Orb.
     0 | D:1      | Reached XP level 1. HP: 18/18 MP: 1/1
   146 | D:1      | Found Zubrei Fubo's Antique Armour Shoppe.
   233 | D:1      | Gained mutation: You have large cloven feet. [demonic
                  | ancestry]
   233 | D:1      | Reached XP level 2. HP: 22/24 MP: 2/2
   333 | D:1      | Found a faded altar of an unknown god.
   335 | D:1      | Noticed a shining eye
   335 | D:1      | Noticed a floating eye
   338 | D:1      | Noticed an eye of devastation
   338 | D:1      | Noticed a golden eye
   885 | D:2      | Reached XP level 3. HP: 28/29 MP: 3/3
  1542 | D:3      | Noticed Robin
  1563 | D:3      | Gained mutation: A weak demonic guardian rushes to your
                  | aid. [demonic ancestry]
  1563 | D:3      | Reached XP level 4. HP: 21/35 MP: 4/4
  1575 | D:3      | Slain by Robin

Illustrated notes

Levels and vault maps discovered:
D:1:      dpeg_arrival_tiny_i, layout_basic,
          hellmonk_ecumenical_altar_watching_god, serial_shops,
          nicolae_shop_stone, glass_columns_b
D:2:      layout_loops_ring
D:3:      layout_loops_ring, portal_sewer_entry_b, uniq_jessica,
          uniq_crazy_yiuf_cottage, uniq_robin

Skill      XL: |  1  2 |
---------------+-------+-----
Long Blades    | 3 |  3.6
Dodging        | 3 |  3.1
Fighting       | |  3.4
Armour         | |  0.9

Action                     |  1- 3 |  4- 6 || total
---------------------------+-------+-------++-------
  Melee: Falchion          |    92 |     9 ||   101
         Kick              |    22 |     4 ||    26
    Use: Potion            |       |     1 ||     1
 Armour: Robe              |     3 |       ||     3
         Ring mail         |    19 |     1 ||    20
  Dodge: Dodged            |    54 |     5 ||    59
